AoeStats
← распродаж

African Clearing

504431868Analyzed
4v4 RM · 27d ago on Sep 5, 2026· 53m 41s· 8 players
Game mode
Random Map
Map size
Large (8 player)
Population
200
Speed
Normal
Resources
Standard
Victory
Conquest
Starting age
Dark Age
Ending age
Imperial Age
RankedLock teamsTeams togetherTeam positionsShared explorationLock speedFull tech treeHidden civsTurbo modeCheats
Victory
Defeat
🇭🇰 Berbers · Hong Kong SAR China
1495
+19
🇨🇳 Vietnamese · China
1477
+20
🇨🇳 Saracens · China
1475
+20
🇨🇳 Persians · China
1439
+21
🇨🇳 Berbers · China
1607
-22
🇨🇳 Mongols · China
1553
-20
🇨🇳 Khitans · China
1541
-19
🇨🇳 Vietnamese · China
1540
-19
распродаж
14:01 Feudal Age
17:35 Castle Age
16:01 Double-Bit Axe
15:57 Horse Collar
16:57 Loom
20:54 Fletching
26:34 Padded Archer Armor
28:02 Town Watch
30:18 Ballistics
30:19 Bodkin Arrow
30:53 Padded Archer Armor
35:24 Bow Saw
35:51 Wheelbarrow
36:06 Leather Archer Armor
37:59 Bloodlines
38:20 Husbandry
42:37 Imperial Age
40:28 Town Patrol
42:20 Hand Cart
41:46 Horse Collar
41:57 Gold Mining
41:57 Stone Mining
43:55 Maghrebi Camels
43:21 Elite Camel Archer
44:24 Bracer
46:32 Conscription
46:44 Ring Archer Armor
48:56 Thumb Ring
50:34 Chemistry
50:02 Kasbah
49:36 Light Cavalry
50:21 Scale Barding Armor
50:39 Hussar
52:34 Chain Barding Armor
52:24 Forging
53:58 Plate Barding Armor
185双开门
3:19 Loom
14:28 Feudal Age
15:54 Fletching
22:48 Castle Age
25:03 Town Watch
48:38 Double-Bit Axe
52:59 Wheelbarrow
52:39 Bow Saw
52:14 Horse Collar
超级硬邦邦
3:20 Loom
12:10 Feudal Age
12:39 Double-Bit Axe
18:01 Forging
22:02 Castle Age
20:37 Scale Barding Armor
22:45 Wheelbarrow
22:33 Town Watch
23:01 Husbandry
22:49 Horse Collar
24:55 Bloodlines
30:15 Bow Saw
31:02 Heavy Plow
31:25 Chain Barding Armor
32:22 Iron Casting
33:16 Gold Mining
35:02 Gold Shaft Mining
34:18 Stone Mining
36:56 Hand Cart
40:41 Imperial Age
39:34 Stone Shaft Mining
40:22 Cavalier
41:40 Plate Barding Armor
42:06 Blast Furnace
41:45 Conscription
42:01 Savar
44:59 Coinage
46:15 Banking
45:09 Light Cavalry
48:09 Heavy Camel Rider
48:10 Hussar
50:43 Crop Rotation
51:16 Two-Man Saw
53:09 Fletching
53:20 Padded Archer Armor
MeHawK
4:22 Loom
14:18 Feudal Age
20:53 Castle Age
19:18 Fletching
20:00 Double-Bit Axe
21:40 Bodkin Arrow
29:03 Padded Archer Armor
32:03 Ballistics
31:57 Bow Saw
32:24 Wheelbarrow
33:07 Town Watch
37:02 Leather Archer Armor
41:40 Imperial Age
41:54 Gold Mining
41:54 Stone Mining
42:27 Bracer
42:30 Elite Rattan Archer
44:17 Thumb Ring
44:56 Ring Archer Armor
45:20 Pikeman
46:01 Squires
46:02 Scale Mail Armor
46:12 Forging
45:38 Elite Fire Lancer
47:42 Coinage
48:23 Chemistry
47:48 Hand Cart
48:12 Arson
47:48 Halberdier
50:05 Banking
50:13 Capped Ram
53:09 Paper Money
53:25 Chain Mail Armor
53:45 Iron Casting
54:12 Two-Man Saw
53:49 Stone Shaft Mining
52:55 Horse Collar
麦辣鸡翅
9:46 Loom
12:08 Feudal Age
12:51 Man-at-Arms
13:54 Double-Bit Axe
16:33 Arson
26:58 Wheelbarrow
32:23 Castle Age
31:14 Town Watch
33:13 Forging
33:40 Scale Barding Armor
33:00 Light Cavalry
40:02 Iron Casting
45:22 Chain Barding Armor
48:57 Imperial Age
47:42 Gold Mining
48:08 Bow Saw
48:32 Fletching
48:43 Padded Archer Armor
49:47 Hand Cart
49:02 Heavy Camel Rider
49:53 Elite Skirmisher
50:40 Thumb Ring
50:58 Bodkin Arrow
51:21 Leather Archer Armor
51:21 Imperial Skirmisher
52:57 Bracer
53:29 Ring Archer Armor
53:17 Husbandry
54:50 Chemistry
54:11 Ballistics
奥尔良鸡翅
10:46 Loom
13:14 Feudal Age
17:24 Castle Age
15:20 Double-Bit Axe
16:08 Gold Mining
16:13 Stone Mining
19:18 Fletching
20:10 Bodkin Arrow
24:01 Wheelbarrow
23:07 Horse Collar
26:06 Padded Archer Armor
27:22 Bloodlines
27:13 Husbandry
27:35 Ballistics
27:39 Town Watch
33:39 Leather Archer Armor
38:45 Imperial Age
36:31 Hand Cart
38:06 Bow Saw
39:54 Conscription
39:35 Bracer
40:38 Chemistry
41:48 Ring Archer Armor
41:17 Elite Camel Archer
43:00 Scale Barding Armor
43:06 Forging
42:20 Heavy Camel Rider
44:40 Chain Barding Armor
45:07 Caravan
47:33 Iron Casting
50:48 Plate Barding Armor
香辣鸡翅
10:10 Loom
11:56 Feudal Age
13:43 Double-Bit Axe
16:11 Castle Age
14:09 Stone Mining
15:22 Fletching
20:15 Gold Mining
26:33 Gold Shaft Mining
28:39 Ballistics
29:19 Horse Collar
31:27 Bodkin Arrow
32:25 Padded Archer Armor
34:14 Wheelbarrow
38:41 Bow Saw
41:56 Imperial Age
40:26 Heavy Plow
41:31 Hand Cart
42:15 Thumb Ring
42:22 Bloodlines
42:12 Husbandry
42:59 Conscription
42:47 Bracer
44:41 Chemistry
45:49 Leather Archer Armor
51:37 Elite Skirmisher
52:21 Imperial Skirmisher
吮指原味鸡
11:24 Feudal Age
11:52 Loom
12:19 Double-Bit Axe
14:58 Fletching
25:08 Castle Age
24:36 Horse Collar
26:57 Town Watch
38:13 Heavy Plow
39:43 Wheelbarrow
43:47 Hand Cart
43:59 Elite Skirmisher
44:59 Bodkin Arrow
45:05 Padded Archer Armor
46:56 Ballistics
47:13 Leather Archer Armor
Connection lost

Rejoining the realm…

Still unreachable

The connection could not be restored.

Session expired

The server has moved on; the page needs a fresh start.